 Dungeon Crawl Stone Soup version 0.24-a0-459-g225fefd530 (webtiles) character file.

Game seed: 10693829945123849804

2920 Peloso the Carver (level 9, -3/80 HPs)
             Began as a Minotaur Fighter on June 29, 2019.
             Was a Priest of Okawaru.
             Slain by an orc warrior
             ... wielding a +0 long sword
              (5 damage)
             ... on level 8 of the Dungeon.
             The game lasted 00:13:19 (7666 turns).

Peloso the Carver (Minotaur Fighter)                Turns: 7666, Time: 00:13:21

Health: -3/80      AC: 12    Str: 23    XL:     9   Next: 50%
Magic:  8/8        EV:  8    Int:  5    God:    Okawaru [***...]
Gold:   415        SH: 11    Dex: 11    Spells: 8/8 levels left

rFire    . . .     SeeInvis .   a - +0 long sword
rCold    + . .     Gourm    .   c - +0 shield
rNeg     . . .     Faith    .   m - +1 chain mail {rC+}
rPois    .         Spirit   .   (helmet restricted)
rElec    .         Reflect  .   (no cloak)
rCorr    .         Harm     .   (no gloves)
MR       .....                  (no boots)
Stlth    ..........             (no amulet)
HPRegen  0.23/turn              y - ring of stealth
MPRegen  0.11/turn              (no ring)

@: no status effects
A: retaliatory headbutt, horns 2
a: Heroism, Renounce Religion


You were on level 8 of the Dungeon.
You worshipped Okawaru.
Okawaru was most pleased with you.
You were not hungry.

You visited 2 branches of the dungeon, and saw 9 of its levels.

You collected 415 gold pieces.

Inventory:

Hand Weapons
 a - a +0 long sword (weapon)
 v - a +2 morningstar of flaming
Missiles
 t - 44 bolts
 u - 3 silver boomerangs (quivered)
Armour
 b - a +0 scale mail
 c - a +0 shield (worn)
 m - a +1 chain mail of cold resistance (worn)
Jewellery
 y - a ring of stealth (left hand)
Wands
 p - a wand of digging (14)
Scrolls
 e - 2 scrolls of immolation {unknown}
 h - 7 scrolls of identify {unknown}
 l - 3 scrolls of remove curse
 o - 2 scrolls of teleportation {unknown}
 q - a scroll of fear {unknown}
Potions
 d - a potion of might
 g - a potion of lignification {unknown}
 i - a potion of cancellation {unknown}
 j - a potion of berserk rage {unknown}
 k - a potion of brilliance {unknown}
 n - a potion of degeneration {unknown}
 r - a potion of heal wounds {unknown}
 s - a potion of invisibility {unknown}
 w - 2 potions of curing
 x - a potion of flight {unknown}
Comestibles
 f - 15 rations
 z - 4 chunks of flesh


   Skills:
 + Level 7.7 Fighting
 + Level 9.3 Long Blades
 + Level 8.2 Armour
 + Level 2.1 Dodging
 + Level 1.1 Stealth
 + Level 8.3 Shields
 + Level 0.3 Invocations


You had 8 spell levels left.
You didn't know any spells.
Your spell library was empty.

Dungeon Overview and Level Annotations

Branches:
Dungeon (8/15)             Temple (1/1) D:4
   Lair: D:8-11

Altars:
Ashenzari
Cheibriados
Dithmenos
Elyvilon
Fedhas
Gozag
Hepliaklqana
Kikubaaqudgha
Makhleb
Nemelex Xobeh
Okawaru
Ru
Sif Muna
Trog
Uskayaw
Vehumet
Wu Jian
Xom
Yredelemnul
Zin
The Shining One

Shops:
D:7 =

Annotations:
D:3 1 runed translucent door, Shaidar's ghost, amateur HOFi
D:5 1 runed translucent door, Shaidar's ghost, novice MiBe
D:8 Harold


Innate Abilities, Weirdness & Mutations

You reflexively headbutt those who attack you in melee.
You have a pair of horns on your head.


Message History

You headbutt the killer bee.
The killer bee stings you but does no damage.
You block the killer bee's attack. x2; Harold hits you with a +0 trident.
* * * LOW HITPOINT WARNING * * *
The orc warrior hits you with a +0 long sword!
* * * LOW HITPOINT WARNING * * *
The killer bee stings you.
* * * LOW HITPOINT WARNING * * *
The killer bee stings you but does no damage.
The orc hits you but does no damage. x2
Okay, then.
Okay, then.
You block the killer bee's attack.
The killer bee stings you but does no damage.
The killer bee closely misses you.
Harold hits you from afar with a +0 trident!
* * * LOW HITPOINT WARNING * * *
The killer bee stings you but does no damage.
The orc warrior hits you with a +0 long sword.
You die...

#..........############
#..........#..........#
#........(............#
###...o..............#
# #.#.#####..........#
# #...#####..........#
####
###................#
#... ##.###.ooo.......#
#.#. ##.y@.......# #...
#@yy.......# #..#
#.ay#.....########.##
#...##.....###.....##
....<##.##...)..###.##
#.#...##.###.#..## #.##
#.#...#....^....# ..# #
#...#.#..#..........
##.####......#


You could see Harold, an orc warrior, a worker ant, 4 killer bees and 2 orcs.

Vanquished Creatures
  Joseph (D:7)
  Sigmund (D:5)
  3 yaks
  A steam dragon (D:8)
  A water moccasin (D:7)
  A phantom (D:5)
  A sky beast (D:5)
  3 centaurs
  3 ogres
  A wyvern zombie (D:6)
  A scorpion (D:5)
  2 howler monkeys
  3 crimson imps (D:6)
  3 jellies
  2 orc priests
  2 hounds
  A centaur skeleton (D:8)
  2 iguanas
  2 orc wizards
  Terence (D:2)
  Natasha (twice) (D:4)
  3 worker ants
  A hound skeleton (D:6)
  4 gnolls (D:2)
  13 adders
  An adder zombie (D:5)
  2 worms (D:2)
  2 dart slugs
  7 leopard geckos
  26 orcs
  2 bats (D:2)
  2 giant cockroaches
  10 goblins
  4 hobgoblins
  10 jackals
  A quokka (D:6)
  2 ball pythons
  6 frilled lizards
  9 kobolds
  A quokka zombie (D:6)
  4 rats
147 creatures vanquished.

Vanquished Creatures (others)
  A shadow imp (D:8)
1 creature vanquished.

Grand Total: 148 creatures vanquished

Notes
Turn   | Place    | Note
-------+----------+-------------------------------------------
     0 | D:1      | Peloso the Minotaur Fighter began the quest for the Orb.
     0 | D:1      | Reached XP level 1. HP: 19/19 MP: 0/0
   149 | D:1      | Reached XP level 2. HP: 27/27 MP: 1/1
   773 | D:2      | Reached XP level 3. HP: 33/33 MP: 2/2
   872 | D:2      | Reached skill level 3 in Long Blades
  1020 | D:2      | Reached XP level 4. HP: 41/41 MP: 3/3
  1380 | D:2      | Noticed Terence
  1394 | D:2      | Killed Terence
  1394 | D:2      | Reached XP level 5. HP: 45/47 MP: 4/4
  1769 | D:3      | Reached skill level 5 in Fighting
  1837 | D:3      | Reached skill level 5 in Shields
  1845 | D:3      | Reached skill level 4 in Long Blades
  2129 | D:3      | Found a runed translucent door.
  2129 | D:3      | Noticed Shaidar's ghost (amateur HOFi)
  2461 | D:2      | Found a glowing silver altar of Zin.
  2548 | D:4      | Found a staircase to the Ecumenical Temple.
  2592 | Temple   | Entered the Ecumenical Temple
  2634 | Temple   | Became a worshipper of Warmaster Okawaru
  2730 | D:4      | Found a burning altar of Makhleb.
  2743 | D:4      | Found a hazy altar of Hepliaklqana.
  2744 | D:4      | Found a snail-covered altar of Cheibriados.
  2920 | D:4      | Found a sacrificial altar of Ru.
  3080 | D:4      | Found a shattered altar of Ashenzari.
  3110 | D:4      | Noticed Natasha
  3114 | D:4      | Killed Natasha
  3424 | D:5      | Entered Level 5 of the Dungeon
  3424 | D:5      | Noticed a sky beast
  3434 | D:5      | Killed a sky beast
  3434 | D:5      | Reached XP level 6. HP: 27/56 MP: 5/5
  3656 | D:5      | Reached * piety under Okawaru
  3656 | D:5      | Reached skill level 5 in Long Blades
  3656 | D:5      | Reached skill level 5 in Armour
  3688 | D:5      | Reached skill level 1 in Dodging
  3754 | D:5      | Reached XP level 7. HP: 55/61 MP: 6/6
  4024 | D:4      | Noticed Natasha
  4029 | D:4      | Killed Natasha
  4206 | D:4      | Reached skill level 6 in Long Blades
  4425 | D:5      | Found a shimmering altar of Xom.
  4620 | D:5      | Found a basalt altar of Yredelemnul.
  4622 | D:5      | Noticed Sigmund
  4631 | D:5      | Killed Sigmund
  4631 | D:5      | Reached ** piety under Okawaru
  4791 | D:5      | Found a runed translucent door.
  4792 | D:5      | Noticed Shaidar's ghost (novice MiBe)
  4860 | D:6      | Reached skill level 7 in Long Blades
  4860 | D:6      | Reached XP level 8. HP: 58/70 MP: 7/7
  4897 | D:6      | Found a deep blue altar of Sif Muna.
  5988 | D:6      | Reached skill level 8 in Long Blades
  6179 | D:6      | Found a radiant altar of Vehumet.
  6487 | D:7      | Found Jiyrill's Jewellery Shoppe.
  6653 | D:7      | Noticed Joseph
  6687 | D:7      | Killed Joseph
  6687 | D:7      | Reached *** piety under Okawaru
  6687 | D:7      | Reached XP level 9. HP: 38/78 MP: 6/8
  6698 | D:7      | Got a heavily runed leather armour
  6709 | D:7      | Identified the +2 leather armour of Evouff {rF++ Str+4
                  | Dex-4 Slay-3} (You found it on level 7 of the Dungeon)
  6764 | D:7      | Found a blossoming altar of Fedhas.
  6765 | D:7      | Found an ancient bone altar of Kikubaaqudgha.
  7051 | D:7      | Found a glowing golden altar of the Shining One.
  7407 | D:7      | Reached skill level 9 in Long Blades
  7652 | D:8      | Reached skill level 1 in Stealth
  7660 | D:8      | Noticed Harold
  7666 | D:8      | HP: 2/80 [Harold/+0 trident (7)]
  7666 | D:8      | Slain by an orc warrior

Levels and vault maps discovered:
D:1:      dpeg_arrival_morbid_curiosity, layout_loops_ring
D:2:      lemuel_upstairs_altar, layout_basic, uniq_terence
D:3:      layout_loops_ring, first_ration, gammafunk_ghost_grave,
          hangedman_feature_mirror, skrybe_limestone_x, minmay_cut_off,
          uniq_crazy_yiuf_cottage
D:4:      layout_cave_pods, nicolae_ru_sacrificial_ziggurat,
          nicolae_overflow_hidden_temple, overflow_temple_1_default,
          gammafunk_temple_overflow_pools, minmay_temple_entry_gardened_gates,
          uniq_natasha
D:5:      layout_basic, yredelemnul_altar_generic,
          nicolae_overflow_crystal_walls, ebering_ghost_reflecting_pool,
          uniq_sigmund
D:6:      layout_basic, kennysheep_mini_moat, lemuel_crystal_altar
D:7:      layout_loops_ring, grunt_temple_overflow_growth_and_decay,
          lemuel_coloured_pillars_altar, serial_shops, shop, uniq_joseph
D:8:      layout_rooms, uniq_harold
Temple:   jpeg_temple_island

Skill      XL: |  1  2  3  4  5  6  7  8  9 |
---------------+----------------------------+-----
Shields        | 4 5 6 7 8 |  8.3
Fighting       | 4 5 6 7 |  7.7
Armour         | 4 5 6 7 8 |  8.2
Long Blades    | 3 4 5 7 8 9 |  9.3
Dodging        | 1 2 |  2.1
Stealth        | 1 |  1.1
Invocations    | |  0.3

Action                   |  1- 3 |  4- 6 |  7- 9 || total
-------------------------+-------+-------+-------++-------
Melee: Long sword        |    69 |   130 |   282 ||   481
       Headbutt          |    18 |    28 |    66 ||   112
Invok: Heroism           |       |       |     3 ||     3
  Use: Potion            |       |       |     1 ||     1
       Scroll            |       |       |     1 ||     1
  Eat: Chunk             |       |     5 |    10 ||    15
       Ration            |       |     1 |     1 ||     2
Armor: Scale mail        |    35 |     7 |       ||    42
       Chain mail        |       |    43 |    90 ||   133
Dodge: Dodged            |    32 |    30 |    71 ||   133
Block: Shield            |    40 |    68 |   155 ||   263
       Rpst.: Long sword |     6 |    11 |    10 ||    27

Table legend:
 A = Non-vault XP
 B = Vault XP
 C = Vault XP percentage of total XP
 D = Non-vault monster count
 E = Vault monster count
 F = Vault count percentage of total count
                 A         B        C        D         E       F
            +---------+---------+-------+---------+---------+-------
      Total |    3385 |     787 |  18.9 |     135 |      12 |   8.2
            +---------+---------+-------+---------+---------+-------
        D:1 |      44 |       9 |  17.0 |      17 |       5 |  22.7
        D:2 |     110 |      36 |  24.7 |      19 |       1 |   5.0
        D:3 |     109 |      16 |  12.8 |      24 |       3 |  11.1
        D:4 |     173 |      35 |  16.8 |       6 |       1 |  14.3
        D:5 |     589 |     231 |  28.2 |      18 |       1 |   5.3
        D:6 |     953 |       0 |   0.0 |      34 |       0 |   0.0
        D:7 |     695 |     460 |  39.8 |       8 |       1 |  11.1
        D:8 |     712 |       0 |   0.0 |       9 |       0 |   0.0
            +---------+---------+-------+---------+---------+-------
